AoeStats
← b站江条

Arabia

508373020Analyzed
1v1 RM · 11d ago on Sep 22, 2026· 19m 7s· 2 players
Game mode
Random Map
Map size
Tiny (2 player)
Population
200
Speed
Normal
Resources
Standard
Victory
Conquest
Starting age
Dark Age
Ending age
Imperial Age
RankedLock teamsTeams togetherTeam positionsShared explorationLock speedFull tech treeHidden civsTurbo modeCheats
Victory
Defeat
🇨🇴 Spanish · Colombia
1546
+12
🇨🇳 Maya · China
1458
-12
b站江条
0:25 Loom
8:59 Feudal Age
13:39 Town Watch
17:21 Double-Bit Axe
Dragon Extreme
5:46 Loom
8:38 Feudal Age
10:03 Double-Bit Axe
14:50 Fletching
17:48 Padded Archer Armor
Connection lost

Rejoining the realm…

Still unreachable

The connection could not be restored.

Session expired

The server has moved on; the page needs a fresh start.